 Dungeon Crawl Stone Soup version 0.25.0-11-g1f837a76a1 (webtiles) character file.

Game seed: 9224637136603272411

18 Flugkiller the Sneak (level 2, 0/13 HPs)
             Began as a Spriggan Enchanter on June 26, 2020.
             Slain by a bat (1 damage)
             ... on level 1 of the Dungeon.
             The game lasted 00:00:53 (750 turns).

Flugkiller the Sneak (Spriggan Enchanter)            Turns: 750, Time: 00:00:55

Health: 0/13       AC:  2    Str:  4    XL:     2   Next: 48%
Magic:  5/6        EV: 18    Int: 16    God:
Gold:   17         SH:  0    Dex: 16    Spells: 5/6 levels left

rFire    . . .     SeeInvis +   a - +1 dagger
rCold    . . .     Gourm    .   (shield restricted)
rNeg     . . .     Faith    .   b - +0 robe
rPois    +         Spirit   .   (helmet restricted)
rElec    .         Reflect  .   (no cloak)
rCorr    .         Harm     .   (gloves unavailable)
MR       .....                  (boots unavailable)
Stlth    +++.......             (no amulet)
HPRegen  0.04/turn              e - ring of poison resistance
MPRegen  0.10/turn              (no ring)

@: very quick
A: very small, unfitting armour, see invisible, herbivore, speed 3, slow
metabolism 2
a: no special abilities


You were on level 1 of the Dungeon.
You were not hungry.

You visited 1 branch of the dungeon, and saw 2 of its levels.

You collected 17 gold pieces.

Inventory:

Hand Weapons
 a - a +1 dagger (weapon)
Armour
 b - a +0 robe (worn)
Jewellery
 e - a ring of poison resistance (left hand)
   (You found it on level 1 of the Dungeon)
Scrolls
 c - 3 scrolls of identify {unknown}
 f - a scroll of teleportation {unknown}
Comestibles
 d - 2 rations


   Skills:
 - Level 1.1 Short Blades
 - Level 3.0 Dodging
 + Level 6.0 Stealth
 - Level 2.6 Spellcasting
 - Level 3.6 Hexes


You had 5 spell levels left.
You knew the following spells:

 Your Spells              Type           Power        Failure   Level  Hunger
a - Corona                Hex            ##.....      4%          1    #......

Your spell library contained the following spells:

 Spells                   Type           Power        Failure   Level  Hunger
 Confusing Touch          Hex            ##......     13%         3    ###....
 Tukima's Dance           Hex            ##......     13%         3    ###....
 Ensorcelled Hibernation  Hex/Ice        #.....       14%         2    ##.....
 Dazzling Flash           Conj/Hex       #.....       28%         3    ###....


Dungeon Overview and Level Annotations

Branches:
Dungeon (2/15)

Altars:

Annotations:
D:2 Jessica


Innate Abilities, Weirdness & Mutations

You are very small and have problems with some larger weapons.
You are too small for most types of armour.
You have supernaturally acute eyesight. (SInv)
You are a herbivore.
You cover ground extremely quickly.
You need to consume almost no food.


Message History

You hit the jackal but do no damage.
The jackal is heavily wounded.
The jackal closely misses you.
You hit the jackal but do no damage.
The jackal is heavily wounded.
The jackal misses you. The jackal closely misses you.
You hit the jackal.
The jackal is severely wounded.
The jackal bites you.
* * * LOW HITPOINT WARNING * * *
You barely miss the jackal.
The jackal is severely wounded.
The jackal barely misses you.
You hit the jackal but do no damage.
The jackal is severely wounded.
The jackal bites you.
* * * LOW HITPOINT WARNING * * *
You hit the jackal.
You kill the jackal!
Your Stealth skill increases to level 6!
The bat misses you.
You open the door. The bat closely misses you.
The bat hits you but does no damage. The bat hits you but does no damage.
The bat hits you.
* * * LOW HITPOINT WARNING * * *
There is an open door here.
You closely miss the bat. The bat hits you but does no damage.
Unknown command.
The bat misses you.
You hit the bat but do no damage. The bat misses you.
Unknown command.
The bat completely misses you. The bat misses you.
You hit the bat but do no damage. The bat misses you. x3
Unknown command.
You hit the bat.
The bat is severely wounded.
The bat hits you.
* * * LOW HITPOINT WARNING * * *
The bat hits you.
* * * LOW HITPOINT WARNING * * *
The bat stops glowing.
The bat completely misses you. The bat closely misses you.
The bat closely misses you. The bat barely misses you. The bat misses you.
The bat misses you. The bat misses you. The bat hits you.
You die...

### #.. #.. #.# #.# #.# #######
#.#####+#.######
###.....##########.#.............
..#.............##.#.............
................##.#.............
................##...............
................@b...o........>..
........##########.........#.....
..################.........#.#.#.
..# ≈≈≈≈≈≈≈≈≈≈≈≈≈#####.....#.#.#.
..# ≈P♣≈≈♣PP≈≈P♣≈# ###.........
..##≈.P≈≈.♣.≈≈♣♣≈# ####......
..##≈♣♣≈≈PP.≈≈♣.≈# .......>..
..##≈PP≈≈♣P.≈≈.P≈# #.............
####≈.♣≈≈♣P♣≈≈PP≈# .............#


You could see an orc and a bat.

Vanquished Creatures
  A gnoll (D:2)
  A leopard gecko (D:1)
  A giant cockroach (D:1)
  A goblin (D:1)
  A jackal (D:1)
  2 kobolds (D:1)
  A rat (D:1)
8 creatures vanquished.

Notes
Turn   | Place    | Note
-------+----------+-------------------------------------------
     0 | D:1      | Flugkiller the Spriggan Enchanter began the quest for the
                  | Orb.
     0 | D:1      | Reached XP level 1. HP: 9/9 MP: 5/5
   589 | D:1      | Reached skill level 5 in Stealth
   700 | D:2      | Noticed Jessica
   701 | D:2      | Reached XP level 2. HP: 13/13 MP: 4/6
   727 | D:1      | Reached skill level 6 in Stealth
   750 | D:1      | Slain by a bat

Illustrated notes

Levels and vault maps discovered:
D:1:      lightli_arrival_farm, layout_basic, minmay_misc_feat_rugged,
          serial_bayou_lake_a
D:2:      layout_rooms, fedhas_altar_2, lemuel_crystal_altar,
          chequers_ecumenical_altar_simple, uniq_terence, uniq_jessica

Skill      XL: |  1  2 |
---------------+-------+-----
Stealth        | 5 6 |  6.0
Short Blades   | |  1.1
Dodging        | |  3.0
Spellcasting   | |  2.6
Hexes          | |  3.6

Action                   || total
-------------------------++-------
Melee: Dagger            ||    42
 Cast: Corona            ||     8
 Stab: Sleeping          ||     2
Armor: Robe              ||     6
Dodge: Dodged            ||    66
